 Dungeon Sprint DCSS version 0.17-a0-1210-g1e4f09d (webtiles) character file.

1041 nuthulu the Nimble (level 8, -4/88 HPs)
             Began as a Troll Fighter on June 3, 2015.
             Was an Initiate of Okawaru.
             Slain by a spatial vortex (18 damage)
             ... in the Dungeon (Sprint III: "The Ten Rune Challenge").
             The game lasted 00:02:47 (762 turns).

nuthulu the Nimble (Troll Fighter)                   Turns: 762, Time: 00:02:47

Health: -4/88      AC:  5    Str: 27    XL:     8   Next: 4%
Magic:  7/7        EV: 11    Int:  4    God:    Okawaru [......]
Gold:   41         SH: 10    Dex:  9    Spells: 0 memorised, 7 levels left

rFire  . . .     SeeInvis .       - Unarmed
rCold  . . .     Clarity  .     a - +0 robe
rNeg   . . .     SustAt   .     b - +0 shield
rPois  .         Gourm    +     (helmet restricted)
rElec  .         Spirit   .     (no cloak)
rCorr  .         Warding  .     (gloves unavailable)
rMut   .         NoTele   +     (boots unavailable)
MR     .....                    (no amulet)
Stlth  +.........               (no ring)
                                (no ring)

@: not resistant to hostile enchantments, very unstealthy
A: unfitting armour, claws 3, fast metabolism 3, gourmand, regeneration 2,
shaggy fur 1, tough skin 2
a: Renounce Religion


You were in the Dungeon.
You worshipped Okawaru.
Okawaru was noncommittal.
You were very full.

You visited 1 branch You collected 41 gold pieces.

Inventory:

Armour
 a - a +0 robe (worn)
 b - a +0 shield (worn)
Magical devices
 s - a wand of confusion (29)
Scrolls
 j - a scroll of blinking
 k - 2 scrolls of torment {unknown}
 l - a scroll of enchant weapon {unknown}
 m - a scroll of remove curse {unknown}
 p - 2 scrolls of identify
 q - a scroll of random uselessness {unknown}
Potions
 c - 2 potions of might
 e - 2 potions of curing
 g - 2 potions of haste
 h - 2 potions of magic
 i - a potion of berserk rage
 o - 2 potions of cure mutation
 r - a potion of resistance {unknown}
Books
 t - a book of Beasts

   Spells                             Type                      Level
   a - Summon Butterflies             Summoning                    1
   b - Call Canine Familiar           Summoning                    3
   c - Summon Ice Beast               Ice/Summoning                4
   d - Summon Mana Viper              Hexes/Summoning              5
   e - Summon Hydra                   Summoning                    7
Comestibles
 d - 3 bread rations
 n - a royal jelly


   Skills:
 * Level 7.9 Fighting
 * Level 4.7 Armour
 * Level 8.2 Dodging
 - Level 0.9 Stealth
 * Level 7.0 Shields
 * Level 7.3 Unarmed Combat


You had 7 spell levels left.
You didn't know any spells.

Dungeon Overview and Level Annotations

Branches:
Dungeon (1/1)

Altars:
Cheibriados
Dithmenos
Elyvilon
Fedhas
Gozag
Kikubaaqudgha
Makhleb
Nemelex Xobeh
Okawaru
Qazlal
Ru
Sif Muna
Trog
Vehumet
Xom
Yredelemnul
Zin
The Shining One
Jiyva
Lugonu


Innate Abilities, Weirdness & Mutations

You are too large for most types of armour.
You have claws for hands.
Your metabolism is lightning-fast.
You like to eat raw meat.
You heal very quickly.
You are covered in fur (AC +1).
You have very tough skin (AC +2).


Message History

The spatial vortex is heavily damaged.
The spatial vortex hits you! Space warps horribly around you!
There is a corrupted altar of Lugonu here.
You mangle the spatial vortex!!
The spatial vortex is almost destroyed.
There is a sparkling altar of Nemelex Xobeh here.
You see here a phial of floods.
You completely miss the spatial vortex.
The spatial vortex is almost destroyed.
A spatial vortex is nearby!
There is a viscous altar of Jiyva here.
The spatial vortex hits you!!
There is a sacrificial altar of Ru, spattered with blood here.
A spatial vortex is nearby!
You barely miss the spatial vortex.
The spatial vortex is almost destroyed.
The spatial vortex hits you!
* * * LOW HITPOINT WARNING * * *
Space warps horribly around you!
You die...

.....♣ ♣♣.#)..#)..#._#
...≈♣♣♣♣..###+#'###)##
..≈≈♣.♣♣..#..........#
.≈≈≈≈♣....+.⌠........#
.≈≈≈≈≈≈♣♣.#...######'#
≈≈≈≈≈≈....#.⌠.#__#...#
≈≈≈≈≈.....#...#__#...#
≈≈≈.......#'###__#...#
..........#.).#_@#..%+
..........#___#_v'...#
▓▓▓▓▓▓▓▓▓▓▓▓▓▓▓▓▓▓▓▓▓▓


You could see a spatial vortex.

Vanquished Creatures
  A deep elf priest (D)
  A shadow (D)
  A necrophage (D)
  A scorpion (D)
  A water elemental (D)
  A jelly (D)
  Jessica (D)
  A necromancer (D)
  A wizard (D)
  A kobold demonologist (D)
  3 humans (D)
  An ooze (D)
  A rat (D)
15 creatures vanquished.

Vanquished Creatures (others)
  2 draconian scorchers (D)
  A yaktaur (D)
  2 fire drakes (D)
  4 plants (D)
9 creatures vanquished.

Grand Total: 24 creatures vanquished

Notes
Turn   | Place    | Note
--------------------------------------------------------------
     0 | D        | nuthulu the Troll Fighter began the quest for the Orb.
     0 | D        | Reached XP level 1. HP: 22/22 MP: 0/0
    58 | D        | Killed a fire drake
    70 | D        | Killed a yaktaur
   107 | D        | Noticed Jessica
   113 | D        | Killed Jessica
   113 | D        | Reached skill level 3 in Fighting
   113 | D        | Reached skill level 1 in Armour
   113 | D        | Reached XP level 2. HP: 28/31 MP: 1/1
   113 | D        | Reached XP level 3. HP: 33/37 MP: 2/2
   176 | D        | Noticed a scorpion
   189 | D        | Killed a scorpion
   189 | D        | Reached skill level 4 in Fighting
   189 | D        | Reached XP level 4. HP: 19/49 MP: 3/3
   218 | D        | Killed a white draconian scorcher
   259 | D        | Gained mutation: Your flesh is heat resistant. [potion of mutation]
   259 | D        | Gained mutation: You are weak. (Str -2) [potion of mutation]
   259 | D        | Gained mutation: You are partially covered in molten scales (AC +1). [potion of mutation]
   260 | D        | Gained mutation: You tend to lose your temper in combat. [potion of mutation]
   260 | D        | Gained mutation: Your magical capacity is low (-10% MP). [potion of mutation]
   260 | D        | Gained mutation: You are frail (-10% HP). [potion of mutation]
   261 | D        | Lost mutation: You tend to lose your temper in combat. [potion of cure mutation]
   261 | D        | Lost mutation: You are frail (-10% HP). [potion of cure mutation]
   261 | D        | Lost mutation: Your magical capacity is low (-10% MP). [potion of cure mutation]
   262 | D        | Lost mutation: You are partially covered in molten scales (AC +1). [potion of cure mutation]
   262 | D        | Lost mutation: You are weak. (Str -2) [potion of cure mutation]
   262 | D        | Lost mutation: Your flesh is heat resistant. [potion of cure mutation]
   283 | D        | Noticed a water elemental
   289 | D        | Killed a water elemental
   289 | D        | Reached skill level 5 in Fighting
   289 | D        | Reached skill level 5 in Dodging
   289 | D        | Reached XP level 5. HP: 19/57 MP: 4/4
   338 | D        | Killed a fire drake
   353 | D        | Killed a white draconian scorcher
   355 | D        | Found a glowing silver altar of Zin.
   356 | D        | Found a glowing golden altar of the Shining One.
   356 | D        | Found a white marble altar of Elyvilon.
   356 | D        | Noticed a deep elf priest
   366 | D        | Killed a deep elf priest
   366 | D        | Reached skill level 6 in Fighting
   366 | D        | Reached skill level 5 in Unarmed Combat
   366 | D        | Reached XP level 6. HP: 20/68 MP: 5/5
   457 | D        | Found a basalt altar of Yredelemnul.
   457 | D        | Found a snail-covered altar of Cheibriados.
   457 | D        | Found a blossoming altar of Fedhas.
   457 | D        | Noticed a necrophage
   457 | D        | Noticed a necromancer
   463 | D        | Killed a necrophage
   465 | D        | Killed a necromancer
   465 | D        | Reached skill level 7 in Dodging
   465 | D        | Reached XP level 7. HP: 70/76 MP: 6/6
   507 | D        | Found an iron altar of Okawaru.
   507 | D        | Found a bloodstained altar of Trog.
   507 | D        | Noticed a human
   508 | D        | Noticed a human
   515 | D        | Killed a human
   529 | D        | Killed a human
   607 | D        | Became a worshipper of Warmaster Okawaru
   639 | D        | Found a radiant altar of Vehumet.
   639 | D        | Found a deep blue altar of Sif Muna.
   639 | D        | Found an ancient bone altar of Kikubaaqudgha.
   639 | D        | Noticed a wizard
   650 | D        | Killed a wizard
   679 | D        | Noticed a jelly
   680 | D        | Noticed a shadow
   687 | D        | Killed a shadow
   687 | D        | Reached skill level 8 in Dodging
   687 | D        | Reached XP level 8. HP: 71/88 MP: 7/7
   692 | D        | Killed a jelly
   742 | D        | Found a stormy altar of Qazlal.
   742 | D        | Noticed a spatial vortex
   744 | D        | Found a sacrificial altar of Ru.
   744 | D        | Found a burning altar of Makhleb.
   744 | D        | Found a viscous altar of Jiyva.
   744 | D        | Found a shimmering altar of Xom.
   744 | D        | Found a shadowy altar of Dithmenos.
   744 | D        | Found a sparkling altar of Nemelex Xobeh.
   744 | D        | Found a corrupted altar of Lugonu.
   744 | D        | Found an opulent altar of Gozag.
   762 | D        | Slain by a spatial vortex

Vault maps used:
D:        dungeon_sprint_mu

Action                   |  1- 3 |  4- 6 |  7- 9 || total
-------------------------+-------+-------+-------++-------
Melee: Unarmed           |    34 |    22 |    49 ||   105
  Use: Potion            |     1 |     4 |       ||     5
  Eat: Chunk             |     4 |       |     7 ||    11
